 Dungeon Crawl Stone Soup version 0.30-a0-862-g1aabd4f9c5 (webtiles) character file.

Game seed: 3591833128114778203

194 bande the Covered (level 5, -1/33 HPs)
             Began as a Gargoyle Fighter on Mar 9, 2023.
             Slain by an ogre
             ... wielding a +0 giant spiked club
              (9 damage)
             ... on level 4 of the Dungeon.
             The game lasted 00:06:24 (3397 turns).

bande the Covered (Gargoyle Fighter)                Turns: 3397, Time: 00:06:24

Health: -1/33      AC: 15    Str: 19    XL:     5   Next: 73%
Magic:  5/5        EV: 12    Int:  9    God:
Gold:   181        SH:  4    Dex: 11    Spells: 4/4 levels left

rFire   . . .      SeeInvis .    a - +1 war axe
rCold   . . .      Faith    .    c - +0 buckler
rNeg    + . .      Spirit   .    n - +0 chain mail
rPois   ∞          Reflect  .    (no helmet)
rElec   +          Rampage  .    (no cloak)
rCorr   .                        (no gloves)
Will    .....                    A - +1 pair of boots Stlth
                                 (no amulet)
HPRegen 0.25/turn                j - +5 ring of evasion
MPRegen 0.09/turn                (no ring)

@: no status effects
A: sickness immunity, AC +4, negative energy resistance 1, electricity
resistance, torment resistance 1, petrification resistance
a: no special abilities


You were on level 4 of the Dungeon.
You visited 1 branch of the dungeon, and saw 4 of its levels.

You collected 181 gold pieces.

Inventory:

Hand Weapons
 a - a +1 war axe (weapon)
 w - a +0 heavy flail
Armour
 c - a +0 buckler (worn)
 n - a +0 chain mail (worn)
 A - a +1 pair of boots (worn)
Jewellery
 j - a +5 ring of evasion (left hand)
 r - an amulet of the acrobat
 x - an amulet of regeneration
 z - an amulet of reflection
Wands
 v - a wand of digging (4)
Scrolls
 i - a scroll of amnesia
Potions
 b - a potion of haste
 d - 3 potions of might
 f - 2 potions of invisibility
 q - 2 potions of curing
 t - a potion of berserk rage
 u - a potion of attraction {unknown}


   Skills:
 + Level 4.1 Fighting
 + Level 3.7 Axes
 + Level 4.5 Armour
 + Level 3.6 Shields


You had 4 spell levels left.
You didn't know any spells.
Your spell library contained the following spells:

 Spells                   Type           Power      Damage    Failure   Level
 Wereblood                Tmut           0%         N/A       100%        2
 Summon Hydra             Summ           0%         N/A       100%        7
 Sublimation of Blood     Necr           Unusable   N/A       N/A         2

Dungeon Overview and Level Annotations

Branches:
Dungeon (4/15)
 Temple: D:4-7

Altars:


Innate Abilities, Weirdness & Mutations

You are immune to sickness and miasma.
Your stone body is resilient. (AC +4)
You are immune to poison.
You resist negative energy. (rN+)
You are resistant to electric shocks. (rElec)
You are resistant to unholy torment.
You are immune to petrification.


Message History

An ogre, a kobold and an endoplasm come into view.
The kobold is wielding a +0 vampiric short sword.
The kobold shouts!
The endoplasm quivers.
The kobold throws a stone.
The stone hits you but does no damage. The giant cockroach barely misses you.
The ogre hits you with a +0 giant spiked club!
The kobold throws a stone.
You block the stone. The giant cockroach barely misses you.
You hit the ogre.
The ogre is lightly wounded.
You hit the giant cockroach.
You kill the giant cockroach!
The ogre hits you with a +0 giant spiked club.
You hit the ogre.
The ogre is moderately wounded.
The kobold throws a stone.
The stone hits you but does no damage. The ogre barely misses you.
You hit the ogre but do no damage.
The ogre is moderately wounded.
The ogre closely misses you.
You slash the ogre!
The ogre is heavily wounded.
The ogre hits you with a +0 giant spiked club!
* * * LOW HITPOINT WARNING * * *
You are too injured to fight recklessly!
You are too injured to fight recklessly!
You are too injured to fight recklessly!
You are too injured to fight recklessly!
You are too injured to fight recklessly!
You are too injured to fight recklessly!
You are too injured to fight recklessly!
You barely miss the ogre.
The ogre is heavily wounded.
You hit the kobold.
You kill the kobold!
You slash the ogre!
The ogre is almost dead.
The ogre hits you with a +0 giant spiked club!
You die...

#§§§# #........##.#****,*,* #.§§#
#.....#....>#####.*,**
##§§.#######..##....#........*,,,
..........##..*#.##.#.....#****,,
..............##.##.......#****,*
..........###....####.....#*,,,,,
##...###### **#...........#*,**,*
#...# ####)###########*,**,,
#...# #....@.# *,**** #...#
#.##.#O# *** *,* *#...#
#,*#.#J#**,******,* ,,,,##**
*,*#....,,,,,,,,,,* *,,,,,,*
*,*###...,,,,****** *,,,**,*
*,****.##.,*,*
#,*.##,*****,,,,,.#*..*,*
#>.)..,,,,,,..#**.#*,.#,*
.....#,*****#.# *,*****,*


You could see an ogre and an endoplasm.

Vanquished Creatures
  A hound (D:4)
  Terence (D:2)
  2 orc wizards (D:4)
  2 adders
  A worm (D:3)
  3 dart slugs
  3 orcs (D:4)
  4 ball pythons
  5 bats
  3 endoplasms
  4 giant cockroaches
  4 goblins
  2 hobgoblins
  2 quokkas (D:1)
  5 frilled lizards
  11 kobolds
  6 rats
59 creatures vanquished.

Vanquished Creatures (others)
  2 fungi (D:3)
  4 plants (D:3)
6 creatures vanquished.

Grand Total: 65 creatures vanquished

Notes
Turn   | Place    | Note
-------+----------+-------------------------------------------
     0 | D:1      | bande the Gargoyle Fighter began the quest for the Orb.
     0 | D:1      | Reached XP level 1. HP: 14/14 MP: 1/1
   106 | D:1      | Reached XP level 2. HP: 19/19 MP: 2/2
   711 | D:1      | Reached XP level 3. HP: 17/24 MP: 3/3
   965 | D:2      | Noticed Terence
   971 | D:2      | Killed Terence
  1025 | D:2      | Reached XP level 4. HP: 23/29 MP: 4/4
  2265 | D:3      | Found a faded altar of an unknown god.
  2734 | D:4      | Reached XP level 5. HP: 17/33 MP: 5/5
  3390 | D:4      | Noticed an ogre
  3397 | D:4      | Slain by an ogre

Illustrated notes

Levels and vault maps discovered:
D:1:      roderic_chinese_lattice_arrival, layout_loops_ring
D:2:      layout_loops_corners, uniq_terence
D:3:      layout_loops_cross, shapermc_ecumenical_altar_mp_urbaneastern,
          grunt_decor_fettered
D:4:      layout_loops_cross, minmay_stone_trees_small

Skill      XL: |  1  2  3  4 |
---------------+-------------+-----
Axes           | 2 3 |  3.7
Armour         | 4 |  4.5
Fighting       | 4 |  4.1
Shields        | |  3.6

Action                     |  1- 3 |  4- 6 || total
---------------------------+-------+-------++-------
  Melee: War axe           |    80 |   127 ||   207
    Use: Scroll            |       |    14 ||    14
 Armour: Scale mail        |    42 |       ||    42
         Chain mail        |     5 |    51 ||    56
  Dodge: Dodged            |    37 |    79 ||   116
  Block: Buckler           |    15 |    23 ||    38

Table legend: (Time is in decaauts)
 A = Elapsed time spent in this place.
 B = Non-inter-level travel time spent in this place.
 C = Inter-level travel time spent in this place.
 D = Time resting spent in this place.
 E = Time spent auto-exploring this place.
 F = Levels seen in this place.
 G = Mean time per level.
                   A        B        C        D        E       F      G
               +--------+--------+--------+--------+--------+-----+--------+
         Total |   3481 |   3434 |     47 |    432 |   2347 |   4 |  870.2 |
       Dungeon |   3481 |   3434 |     47 |    432 |   2347 |   4 |  870.2 |
               +--------+--------+--------+--------+--------+-----+--------+

Top non-repeatable levels by time:
     D:1: 987 daAuts
     D:2: 934 daAuts
     D:4: 782 daAuts
     D:3: 777 daAuts
